 Dungeon Crawl Stone Soup version 0.31-a0-175-g9f7f995f2b (webtiles) character file.

Game seed: 9089654306112341159

4888 qw the Cleaver (level 10, -10/64 HPs)
             Began as a Gargoyle Fighter on June 16, 2023.
             Mangled by a large abomination (27 damage)
             ... on level 9 of the Dungeon.
             The game lasted 00:03:47 (7612 turns).

qw the Cleaver (Gargoyle Fighter)                   Turns: 7612, Time: 00:03:47

Health: -10/64     AC: 24    Str: 24    XL:     10   Next: 51%
Magic:  10/10      EV: 12    Int:  9    God:
Gold:   125        SH:  4    Dex:  9    Spells: 9/9 levels left

rFire   . . .        Y - +6 war axe
rCold   + . .        c - +0 buckler
rNeg    + . .        k - +0 plate armour
rPois   inf          r - +0 helmet
rElec   +            (no cloak)
rCorr   .            s - +0 pair of gloves
SInv    .            l - +0 pair of boots
Will    .....        (no amulet) Stlth
                     g - +5 ring of evasion
HPRegen 0.30/turn    e - ring of protection from cold
MPRegen 0.12/turn

%: no passive effects
@: about to teleport
A: sickness immunity, AC +7, negative energy resistance 1, electricity
resistance, torment resistance 1, petrification resistance
a: no special abilities


You were on level 9 of the Dungeon.
You visited 2 branches of the dungeon, and saw 10 of its levels.

You collected 455 gold pieces.
You spent 330 gold pieces at shops.


Innate Abilities, Weirdness & Mutations

You are immune to sickness and miasma.
Your stone body is resilient. (AC +7)
You are immune to poison.
You resist negative energy. (rN+)
You are resistant to electric shocks. (rElec)
You are resistant to unholy torment.
You are immune to petrification.


   Skills:
 - Level 8.0 Fighting
 + Level 10.7 Axes
 - Level 7.1 Armour
 - Level 2.0 Dodging
 - Level 5.1 Shields


You had 9 spell levels left.
You didn't know any spells.
Your spell library was empty.

Inventory:

Hand Weapons
 q - a +3 morningstar
 Y - a +6 war axe (weapon)
Armour
 c - a +0 buckler (worn)
 k - a +0 plate armour (worn)
 l - a +0 pair of boots (worn)
 r - a +0 helmet (worn)
 s - a +0 pair of gloves (worn)
 t - a +3 scale mail of fire resistance
Jewellery
 e - a ring of protection from cold (right hand)
 g - a +5 ring of evasion (left hand)
 m - a ring of fire
 u - a +6 ring of strength
Scrolls
 a - 2 scrolls of teleportation
 n - a scroll of identify
Potions
 b - 2 potions of mutation
 d - 4 potions of might
 f - a potion of cancellation
 h - 3 potions of attraction
 i - 3 potions of curing
 j - 4 potions of lignification
 o - a potion of haste
 p - a potion of resistance {unknown}

Dungeon Overview and Level Annotations

Branches:
Dungeon (9/15)             Temple (1/1) D:7
   Lair: D:8-11         Orc: D:9-12

Altars:
Ashenzari
Cheibriados
Dithmenos
Elyvilon
Fedhas
Gozag
Hepliaklqana
Kikubaaqudgha
Makhleb
Nemelex Xobeh
Qazlal
Ru
Sif Muna
Trog
Uskayaw
Vehumet
Wu Jian
Xom
Zin
The Shining One

Shops:
D:9 *

Annotations:
D:5 3 runed translucent doors, qw's ghost, novice GrHu


Message History

You slash the small abomination!
The small abomination is heavily damaged.
The small abomination hits you but does no damage.
You hit the small abomination.
The small abomination is severely damaged.
The small abomination barely misses you.
The small abomination hits you!
You closely miss the small abomination.
The small abomination is severely damaged.
The small abomination hits you!
You hit the small abomination.
The small abomination is almost destroyed.
The small abomination hits you but does no damage.
You slice the small abomination!!
You destroy the small abomination!
The small abomination barely misses you.
You hit the small abomination.
The small abomination is lightly damaged.
The small abomination hits you!
You slice the small abomination!!
The small abomination is almost destroyed.
The small abomination closely misses you.
You hit the small abomination but do no damage.
The small abomination is almost destroyed.
The small abomination hits you but does no damage. x2
You slash the small abomination!
You destroy the small abomination!
You slash the large abomination!
The large abomination is moderately damaged.
You slash the large abomination!
The large abomination is heavily damaged.
The large abomination hits you!!
7611 ||| READING 3 scrolls of teleportation.
As you read the scroll of teleportation, it crumbles to dust.
You feel strangely unstable.
You block the large abomination's attack.
You hit the large abomination but do no damage.
The large abomination is heavily damaged.
The large abomination hits you!!
You die...

#....####'#...#####.....#........
.....#....#...# #.....#........
.....#....#...# #.....#........
.....#....#...# #.....#........
.....#...###'######.....#........
.....#####........#.....#########
.........#........#......
.........#....)...#
.........#......@.#
.........#######X## .........#


xXx .........# XxxX# ########## #..x.# ###### You could see 4 large abominations
and 5 small abominations.

Vanquished Creatures
  A wizard (D:9)
  A wyvern (D:9)
  A steam dragon (D:9)
  Menkaure (D:7)
  A water moccasin (D:4)
  A black bear (D:6)
  3 ice beasts
  3 orc warriors
  4 ogres
  A sky beast (D:6)
  4 centaurs
  2 phantoms (D:6)
  2 kobold brigands (D:8)
  2 small abominations (D:9)
  2 bullfrogs
  2 scorpions (D:5)
  11 wights
  6 killer bees (D:8)
  A howler monkey (D:7)
  2 hounds
  2 jellies
  9 orc priests
  3 sleepcaps
  3 iguanas
  Ijyb (D:4)
  3 orc wizards
  Robin (D:4)
  4 adders
  A river rat (D:4)
  2 shadow imps (D:6)
  3 white imps
  A worm (D:2)
  3 dart slugs
  25 orcs
  11 ball pythons
  6 bats
  9 endoplasms
  5 giant cockroaches
  16 goblins
  6 hobgoblins
  6 quokkas
  6 frilled lizards
  16 kobolds
  8 rats
201 creatures vanquished.

Vanquished Creatures (others)
  Sigmund (D:4)
1 creature vanquished.

Grand Total: 202 creatures vanquished

Notes
Turn   | Place    | Note
-------+----------+-------------------------------------------
     0 | D:1      | qw the Gargoyle Fighter began the quest for the Orb.
     0 | D:1      | Reached XP level 1. HP: 14/14 MP: 1/1
     0 | D:1      | 0 ||| qw: Version: 0.2-a-29-g511e9b1
     0 | D:1      | 0 ||| qw: Game counter: 5722
     0 | D:1      | 0 ||| qw: Always use a shield: true
     0 | D:1      | 0 ||| qw: God list: Okawaru
     0 | D:1      | 0 ||| qw: Allow faded altars: false
     0 | D:1      | 0 ||| qw: Do Orc after D:15 true
     0 | D:1      | 0 ||| qw: Do second Lair branch before Depths: true
     0 | D:1      | 0 ||| qw: Lair rune preference: random
     0 | D:1      | 0 ||| qw: Plans: Normal, Zot:1-4, Slime:5, God:TSO, Crypt,
                  | Tomb, Abyss, Pan, Hells, Win
     0 | D:1      | 0 ||| PLANNING D:1-11
    41 | D:1      | 41 ||| Stepping ~*~*~tactically~*~*~ (stealth).
    43 | D:1      | 43 ||| Stepping ~*~*~tactically~*~*~ (stealth).
    49 | D:1      | Reached skill level 2 in Axes
    94 | D:1      | Reached XP level 2. HP: 19/19 MP: 2/2
   320 | D:1      | 320 ||| Stepping ~*~*~tactically~*~*~ (stealth).
   321 | D:1      | 321 ||| Stepping ~*~*~tactically~*~*~ (stealth).
   378 | D:1      | 378 ||| DROPPING +0 club.
   447 | D:1      | Reached skill level 3 in Axes
   631 | D:1      | Reached XP level 3. HP: 23/23 MP: 3/3
   904 | D:1      | 904 ||| READING 2 scrolls labelled TAISOZU REECO.
   907 | D:1      | 907 ||| READING scroll labelled USOYDWOUNK.
   908 | D:1      | 908 ||| READING 2 scrolls labelled EGODOPSOUQ.
   909 | D:1      | 909 ||| READING scroll labelled UJEOPU JIMENNEPT.
   910 | D:1      | 910 ||| DRINKING 2 amethyst potions.
   911 | D:1      | 911 ||| DROPPING scroll of blinking.
  1044 | D:2      | 1044 ||| READING scroll of enchant weapon.
  1044 | D:2      | 1044 ||| ENCHANTING +1 war axe.
  1174 | D:2      | 1174 ||| STAIRDANCE
  1196 | D:1      | 1196 ||| READING scroll labelled BEOHUBLEZXO.
  1522 | D:2      | Reached XP level 4. HP: 27/28 MP: 4/4
  1562 | D:2      | 1562 ||| READING scroll labelled TADIAXKEPILL.
  1757 | D:3      | Found a sparkling altar of Nemelex Xobeh.
  1881 | D:3      | 1881 ||| Stepping ~*~*~tactically~*~*~ (stealth).
  1966 | D:3      | 1966 ||| READING scroll of enchant weapon.
  1966 | D:3      | 1966 ||| ENCHANTING +2 war axe.
  1978 | D:3      | Reached skill level 4 in Axes
  1986 | D:3      | You fall into a shaft and drop 1 floor!
  1991 | D:4      | 1991 ||| PLANNING SEWER
  2050 | D:4      | 2050 ||| Stepping ~*~*~tactically~*~*~ (hiding).
  2058 | D:4      | Reached XP level 5. HP: 31/32 MP: 5/5
  2067 | D:4      | 2067 ||| DROPPING +0 whip.
  2104 | D:4      | 2104 ||| Stepping ~*~*~tactically~*~*~ (stealth).
  2110 | D:4      | Reached skill level 5 in Axes
  2232 | D:4      | Noticed Sigmund
  2232 | D:4      | Noticed Ijyb
  2233 | D:4      | 2233 ||| Stepping ~*~*~tactically~*~*~ (hiding).
  2238 | D:4      | Killed Sigmund
  2239 | D:4      | Reached XP level 6. HP: 39/39 MP: 6/6
  2243 | D:4      | Killed Ijyb
  2413 | D:4      | Reached skill level 1 in Dodging
  2476 | D:4      | 2476 ||| Stepping ~*~*~tactically~*~*~ (stealth).
  2478 | D:4      | 2478 ||| Stepping ~*~*~tactically~*~*~ (stealth).
  2479 | D:4      | Noticed Robin
  2491 | D:4      | Killed Robin
  2747 | D:4      | Found a glowing drain.
  2748 | D:4      | 2748 ||| UPGRADING to +0 helmet.
  2753 | D:4      | 2753 ||| UPGRADING to +5 ring of evasion.
  2754 | D:4      | 2754 ||| READING scroll labelled KECLUOWIMP.
  2755 | D:4      | 2755 ||| DRINKING 3 bubbling purple potions.
  2756 | D:4      | 2756 ||| DRINKING 3 cyan potions.
  2757 | D:4      | 2757 ||| DROPPING 2 potions of degeneration.
  2786 | D:4      | 2786 ||| STAIRDANCE
  2788 | D:3      | 2788 ||| RIP SEWER
  2788 | D:3      | 2788 ||| PLANNING D:1-11
  2838 | D:3      | 2838 ||| READING 2 scrolls of enchant weapon.
  2838 | D:3      | 2838 ||| ENCHANTING +3 war axe.
  2839 | D:3      | 2839 ||| READING scroll of enchant weapon.
  2839 | D:3      | 2839 ||| ENCHANTING +4 war axe.
  2988 | D:3      | Reached skill level 6 in Axes
  2988 | D:3      | Reached XP level 7. HP: 31/44 MP: 7/7
  3145 | D:3      | 3145 ||| DROPPING +6 ring of intelligence.
  3388 | D:5      | Entered Level 5 of the Dungeon
  3405 | D:5      | 3405 ||| STAIRDANCE
  3490 | D:5      | 3490 ||| Stepping ~*~*~tactically~*~*~ (hiding).
  3498 | D:5      | Reached skill level 7 in Axes
  3712 | D:5      | Found a runed translucent gate.
  3712 | D:5      | Found a runed translucent gate.
  3713 | D:5      | Noticed qw's ghost (novice GrHu)
  3716 | D:5      | Found a runed translucent gate.
  3786 | D:5      | 3786 ||| Stepping ~*~*~tactically~*~*~ (stealth).
  4195 | D:5      | Reached XP level 8. HP: 49/49 MP: 8/8
  4226 | D:5      | 4226 ||| UPGRADING to +0 pair of boots.
  4231 | D:5      | 4231 ||| UPGRADING to +0 pair of gloves.
  4236 | D:5      | 4236 ||| READING scroll labelled QIWUNI LEUMEUGU.
  4369 | D:6      | Found a blossoming altar of Fedhas.
  4440 | D:6      | Reached skill level 8 in Axes
  4466 | D:6      | 4466 ||| Stepping ~*~*~tactically~*~*~ (hiding).
  4575 | D:6      | Reached skill level 6 in Fighting
  4808 | D:6      | 4808 ||| Stepping ~*~*~tactically~*~*~ (hiding).
  4825 | D:6      | Reached skill level 9 in Axes
  4825 | D:6      | Reached XP level 9. HP: 56/56 MP: 9/9
  4925 | D:6      | 4925 ||| DROPPING +2 leather armour of fire resistance.
  4926 | D:6      | 4926 ||| UPGRADING to +3 scale mail of fire resistance.
  4936 | D:6      | 4936 ||| DROPPING +0 scale mail.
  4937 | D:6      | 4937 ||| READING 3 scrolls of identify.
  4937 | D:6      | 4937 ||| IDENTIFYING murky white potion
  4938 | D:6      | 4938 ||| READING 2 scrolls of identify.
  4938 | D:6      | 4938 ||| IDENTIFYING glowing orange potion
  4939 | D:6      | 4939 ||| DROPPING potion of ambrosia.
  4973 | D:7      | 4973 ||| Stepping ~*~*~tactically~*~*~ (hiding).
  4974 | D:7      | 4974 ||| Stepping ~*~*~tactically~*~*~ (hiding).
  4975 | D:7      | 4975 ||| Stepping ~*~*~tactically~*~*~ (hiding).
  4984 | D:7      | 4984 ||| Stepping ~*~*~tactically~*~*~ (stealth).
  5054 | D:7      | Found a staircase to the Ecumenical Temple.
  5055 | D:7      | 5055 ||| PLANNING TEMPLE
  5197 | D:7      | 5197 ||| DRINKING 2 fizzy sapphire potions.
  5223 | Temple   | Entered the Ecumenical Temple
  5406 | Temple   | 5406 ||| PLANNING D:1-11
  5437 | D:7      | 5437 ||| Stepping ~*~*~tactically~*~*~ (hiding).
  5440 | D:7      | 5440 ||| Stepping ~*~*~tactically~*~*~ (hiding).
  5557 | D:7      | Noticed Menkaure
  5562 | D:7      | Killed Menkaure
  5760 | D:7      | 5760 ||| DROPPING +0 flail.
  5904 | D:7      | Found a sacrificial altar of Ru.
  6105 | D:7      | Reached skill level 10 in Axes
  6187 | D:7      | 6187 ||| DROPPING +0 morningstar.
  6231 | D:7      | 6231 ||| UPGRADING to +0 plate armour.
  6241 | D:7      | 6241 ||| DROPPING +0 chain mail.
  6242 | D:7      | 6242 ||| READING scroll labelled WAFESYRIGU.
  6243 | D:7      | 6243 ||| READING scroll labelled COIPRA KESES.
  6244 | D:7      | 6244 ||| DRINKING 3 bubbling cyan potions.
  6362 | D:8      | 6362 ||| Stepping ~*~*~tactically~*~*~ (stealth).
  6363 | D:8      | 6363 ||| Stepping ~*~*~tactically~*~*~ (stealth).
  6389 | D:8      | 6389 ||| Stepping ~*~*~tactically~*~*~ (stealth).
  6391 | D:8      | 6391 ||| Stepping ~*~*~tactically~*~*~ (hiding).
  6397 | D:8      | 6397 ||| Stepping ~*~*~tactically~*~*~ (hiding).
  6424 | D:8      | Reached XP level 10. HP: 55/64 MP: 10/10
  6455 | D:8      | 6455 ||| READING scroll of enchant weapon.
  6455 | D:8      | 6455 ||| ENCHANTING +5 war axe.
  6479 | D:8      | Reached skill level 6 in Armour
  6495 | D:8      | 6495 ||| Stepping ~*~*~tactically~*~*~ (hiding).
  6635 | D:8      | Found a radiant altar of Vehumet.
  6977 | D:8      | 6977 ||| UPGRADING to ring of protection from cold.
  6978 | D:8      | 6978 ||| READING scroll labelled HEAJEPTIRCHE.
  7030 | D:9      | Found Qomme's Changing Room.
  7041 | D:9      | 7041 ||| BUYING 2 potions of lignification (90 gold).
  7041 | D:9      | Bought 2 potions of lignification for 90 gold pieces
  7041 | D:9      | 7041 ||| BUYING potion of mutation (120 gold).
  7041 | D:9      | Bought a potion of mutation for 120 gold pieces
  7041 | D:9      | 7041 ||| BUYING potion of mutation (120 gold).
  7041 | D:9      | Bought a potion of mutation for 120 gold pieces
  7139 | D:9      | 7139 ||| Stepping ~*~*~tactically~*~*~ (stealth).
  7142 | D:9      | 7142 ||| Stepping ~*~*~tactically~*~*~ (stealth).
  7248 | D:9      | 7248 ||| Stepping ~*~*~tactically~*~*~ (cloud).
  7586 | D:9      | Noticed a wizard
  7596 | D:9      | Killed a wizard
  7610 | D:9      | HP: 16/64 [large abomination (19)]
  7611 | D:9      | 7611 ||| READING 3 scrolls of teleportation.
  7612 | D:9      | Mangled by a large abomination

Levels and vault maps discovered:
D:1:      tarquinn_simple_flora_water_f, layout_basic, minivault_27
D:2:      layout_basic, minmay_misc_feat_columns
D:3:      cheibrodos_helix_gallery, layout_loops_ring,
          nemelex_xobeh_ov_fountains_minmay
D:4:      layout_loops_ring, portal_sewer_entry_c,
          chequers_serial_rivers_room_b, hellmonk_no_cap, uniq_sigmund,
          uniq_robin, uniq_ijyb
D:5:      layout_layer_cave, ebering_ghost_rock_garden
D:6:      layout_basic, fedhas_ov_isle_minmay
D:7:      layout_loops_ring, kennysheep_mini_moat, temple_pool_b, uniq_menkaure
D:8:      layout_basic, mainiacjoe_overflow_surrounded_room
D:9:      layout_irregular_city, nicolae_transmutations_shop, laboratory
Temple:   eino_temple_scatter_basement

Skill      XL: |  1  2  3  4  5  6  7  8  9 10 |
---------------+-------------------------------+-----
Axes           | 2 3 4 5 6 7 9 10 | 10.7
Fighting       | 4 5 6 8 |  8.0
Dodging        | 1 2 |  2.0
Shields        | 4 5 |  5.1
Armour         | 5 7 |  7.1

Action                     |  1- 3 |  4- 6 |  7- 9 | 10-12 || total
---------------------------+-------+-------+-------+-------++-------
  Melee: War axe           |   127 |    99 |   248 |    87 ||   561
    Use: Scroll            |     6 |     5 |     5 |     3 ||    19
         Potion            |     1 |     2 |     2 |       ||     5
 Armour: Scale mail        |    66 |    31 |    72 |       ||   169
         Plate armour      |       |       |    20 |    48 ||    68
  Dodge: Dodged            |    45 |    31 |   167 |    59 ||   302
  Block: Buckler           |    23 |    17 |    47 |    15 ||   102

Table legend:
 A = Non-vault XP
 B = Vault XP
 C = Vault XP percentage of total XP
 D = Non-vault monster count
 E = Vault monster count
 F = Vault count percentage of total count
                 A         B        C        D         E       F
            +---------+---------+-------+---------+---------+-------
      Total |    5627 |    1357 |  19.4 |     174 |      28 |  13.9
            +---------+---------+-------+---------+---------+-------
        D:1 |      45 |       0 |   0.0 |      29 |       0 |   0.0
        D:2 |      38 |       0 |   0.0 |      17 |       0 |   0.0
        D:3 |     131 |       4 |   3.0 |       8 |       2 |  20.0
        D:4 |     412 |     254 |  38.1 |      19 |      22 |  53.7
        D:5 |     393 |       0 |   0.0 |       7 |       0 |   0.0
        D:6 |    1087 |       0 |   0.0 |      23 |       0 |   0.0
        D:7 |    1633 |     175 |   9.7 |      22 |       1 |   4.3
        D:8 |    1130 |       0 |   0.0 |      36 |       0 |   0.0
        D:9 |     758 |     924 |  54.9 |      13 |       3 |  18.8
            +---------+---------+-------+---------+---------+-------
